Map: [ESL] Inside and Out

Players

夜蝶蝶蝶蝶蝶蝶蝶 (Firefly) - Winner!

  • Race: Protoss Protoss

Cyan

  • Race: Protoss Protoss

Event: DreamHack SC2 Masters 2022 Atlanta (Online)

VOD

Have the link to the VOD?

Description

Time

  • Played on: Oct. 5, 2022, 9:08 a.m.
  • Length: 14:44

All games in this series

Show
View Real Time Build Order
Export as new Build Order

夜蝶蝶蝶蝶蝶蝶蝶 Protoss - Winner!

Build Orders:  

Get SALT Encoding   

  12  0:00  Probe  
  13  0:12  Probe  
  14  0:19  Pylon  
  14  0:24  Probe  
  15  0:37  Probe (Chrono Boost)  
  15  0:38  Gateway  
  16  0:47  Probe (Chrono Boost)  
  16  0:49  Assimilator  
  17  0:52  Probe (Chrono Boost)  
  18  1:03  Probe  
  19  1:15  Probe  
  20  1:25  Cybernetics Core  
  20  1:28  Zealot  
  20  1:30  Probe  
  20  1:31  Pylon  
  23  1:33  Assimilator  
  23  1:42  Pylon  
  23  1:49  Probe  
  24  2:00  Stalker (Chrono Boost)  
  26  2:01  Probe  
  26  2:06  Pylon  
  26  2:07  Warp Gate  
  27  2:14  Probe  
  28  2:21  Stalker (Chrono Boost)  
  28  2:26  Probe  
  28  2:29  Pylon  
  31  2:38  Gateway  
  31  2:51  Stalker  
  33  2:54  Nexus  
  33  3:01  Probe  
  33  3:10  Shield Battery  
  33  3:24  Probe, Pylon  
  32  3:36  Probe  
  32  3:39  Twilight Council  
  33  3:43  Shield Battery  
  33  3:48  Probe  
  34  3:55  Adept x2  
  38  4:00  Probe (Chrono Boost)  
  37  4:07  Probe (Chrono Boost)  
  39  4:11  Probe (Chrono Boost)  
  39  4:13  Blink (Chrono Boost)  
  39  4:15  Probe (Chrono Boost)  
  40  4:17  Probe (Chrono Boost)  
  40  4:20  Probe (Chrono Boost)  
  42  4:25  Stalker  
  42  4:26  Probe  
  42  4:27  Sentry  
  47  4:36  Probe  
  48  4:40  Probe  
  44  4:50  Stalker x2  
  40  4:57  Probe (Chrono Boost)  
  42  5:02  Forge  
  42  5:03  Probe (Chrono Boost)  
  43  5:08  Probe (Chrono Boost)  
  43  5:13  Probe (Chrono Boost)  
  43  5:14  Probe (Chrono Boost), Stalker x2  
  49  5:23  Probe  
  50  5:29  Probe  
  50  5:33  Pylon  
  51  5:36  Protoss Ground Weapons Level 1 (Chrono Boost)  
  51  5:41  Stalker x2  
  53  5:44  Probe  
  53  5:47  Gateway  
  52  5:53  Robotics Facility  
  52  6:06  Stalker  
  52  6:07  Stalker  
  52  6:12  Probe  
  52  6:13  Probe, Pylon  
  52  6:24  Probe  
  52  6:25  Probe  
  54  6:32  Gateway  
  54  6:35  Gateway  
  54  6:38  Pylon  
  54  6:39  Pylon  
  54  6:40  Assimilator  
  54  6:53  Observer  
  54  6:54  Nexus  
  54  6:56  Probe, Pylon  
  54  7:00  Probe  
  56  7:08  Probe  
  57  7:16  Probe  
  57  7:19  Shield Battery  
  57  7:21  Probe  
  57  7:22  Stalker x3  
  61  7:28  Probe  
  66  7:32  Protoss Ground Weapons Level 2 (Chrono Boost)  
  66  7:35  Stalker x2  
  68  7:40  Probe x2  
  68  7:41  Observer  
  68  7:42  Shield Battery  
  69  7:52  Probe (Chrono Boost)  
  69  7:55  Probe (Chrono Boost)  
  71  7:58  Pylon  
  71  8:05  Probe (Chrono Boost)  
  73  8:08  Probe (Chrono Boost)  
  73  8:10  Probe (Chrono Boost)  
  73  8:11  Gateway  
  73  8:12  Gateway  
  75  8:13  Probe (Chrono Boost)  
  75  8:15  Gateway, Probe (Chrono Boost)  
  77  8:20  Probe x2 (Chrono Boost)  
  77  8:21  Probe  
  78  8:31  Probe  
  78  8:32  Warp Prism (Chrono Boost), Probe  
  78  8:33  Probe  
  81  8:36  Charge (Chrono Boost)  
  81  8:38  Sentry  
  85  8:45  Pylon  
  85  8:46  Stalker  
  85  8:47  Stalker x2  
  91  8:50  Pylon  
  91  9:01  Stalker x2  
  93  9:10  Stalker x3  
  93  9:11  Zealot x3  
  93  9:12  Probe  
  93  9:16  Photon Cannon  
  96  9:33  Photon Cannon  
  96  9:36  Stalker x3  
  99  9:41  Photon Cannon  
  99  9:53  Stalker  
  99  9:54  Zealot x4  
  109  10:06  Warp Prism  
  109  10:12  Zealot, Stalker x2  
  101  10:28  Zealot, Stalker x2  
  105  10:29  Zealot x2  
  109  10:45  Stalker x2  
  105  10:55  Observer  
  97  11:03  Zealot x6  
  91  11:21  Stalker x2  
  91  11:24  Nexus  
  83  11:25  Stalker x4  
  83  11:26  Zealot x2  
  82  11:45  Zealot x2  
  78  11:48  Zealot x2  
  78  11:50  Zealot x4  
  86  11:56  Observer (Chrono Boost)  
  81  12:07  Probe x3  
  84  12:11  Pylon  
  84  12:12  Zealot x8  
  84  12:14  Observer (Chrono Boost)  
  77  12:35  Stalker x3  
  77  12:36  Stalker x2  
  83  12:37  Zealot x2  
  83  12:42  Stalker  
  89  12:49  Photon Cannon  
  89  12:50  Shield Battery  
  89  12:51  Observer  
  88  13:01  Zealot x5  
  81  13:13  Stalker  
  81  13:14  Stalker x2  
  83  13:32  Stalker  
  83  13:33  Zealot, Stalker x2  
  75  13:45  Zealot x4  
  79  14:01  Probe x3  
  82  14:07  Stalker x3  
  88  14:19  Zealot  
  88  14:20  Zealot x3  
  82  14:35  Zealot x4  
  82  14:40  Zealot  
Show
View Real Time Build Order
Export as new Build Order

Cyan Protoss 

Build Orders: Oracle Opening 

Get SALT Encoding   

  12  0:00  Probe  
  13  0:12  Probe  
  14  0:18  Pylon  
  14  0:24  Probe (Chrono Boost)  
  15  0:37  Probe (Chrono Boost), Gateway  
  16  0:45  Probe (Chrono Boost)  
  16  0:46  Assimilator  
  17  0:51  Probe  
  18  1:03  Probe  
  19  1:15  Probe  
  20  1:20  Pylon  
  20  1:27  Cybernetics Core, Pylon  
  20  1:28  Probe (Chrono Boost)  
  20  1:32  Assimilator  
  21  1:37  Zealot  
  24  1:40  Probe (Chrono Boost)  
  24  1:45  Probe (Chrono Boost)  
  25  1:53  Pylon  
  25  1:56  Probe  
  26  2:03  Stalker (Chrono Boost)  
  26  2:06  Warp Gate  
  28  2:11  Cybernetics Core  
  28  2:17  Probe  
  28  2:20  Pylon  
  29  2:32  Stargate  
  29  2:41  Stalker  
  31  2:54  Nexus  
  31  2:58  Probe  
  31  3:03  Shield Battery  
  32  3:11  Stalker  
  34  3:18  Oracle (Chrono Boost)  
  37  3:28  Pylon  
  35  3:40  Gateway  
  35  3:48  Oracle (Chrono Boost)  
  38  3:53  Gateway  
  38  4:01  Stalker  
  40  4:05  Probe  
  42  4:16  Probe  
  42  4:19  Probe  
  42  4:22  Oracle (Chrono Boost)  
  43  4:28  Probe  
  47  4:35  Adept x2  
  47  4:38  Probe  
  47  4:43  Probe  
  47  4:50  Probe  
  48  4:57  Probe  
  48  4:59  Adept  
  48  5:00  Adept  
  48  5:02  Probe  
  48  5:04  Adept  
  53  5:12  Probe (Chrono Boost)  
  54  5:19  Twilight Council  
  54  5:20  Probe (Chrono Boost)  
  55  5:24  Probe (Chrono Boost)  
  55  5:29  Probe (Chrono Boost)  
  55  5:30  Stalker  
  55  5:31  Probe (Chrono Boost)  
  53  5:44  Probe x2  
  53  5:45  Pylon  
  55  5:52  Stalker x2  
  55  5:56  Probe  
  60  5:58  Probe  
  60  6:00  Assimilator  
  60  6:04  Assimilator  
  61  6:08  Probe  
  61  6:10  Probe  
  59  6:12  Blink (Chrono Boost)  
  57  6:20  Probe  
  57  6:22  Probe  
  57  6:26  Adept  
  57  6:27  Adept x2  
  57  6:29  Pylon  
  57  6:32  Probe  
  64  6:33  Pylon  
  64  6:36  Shield Battery  
  64  6:44  Forge  
  65  6:47  Probe  
  65  6:48  Probe  
  65  6:49  Pylon  
  66  6:56  Stalker x2  
  70  7:01  Stalker  
  70  7:04  Probe x2  
  74  7:11  Protoss Ground Weapons Level 1 (Chrono Boost), Dark Shrine  
  74  7:21  Probe  
  74  7:39  Nexus  
  74  7:42  Pylon  
  74  7:43  Pylon  
  68  7:46  Probe  
  68  7:48  Stalker x2  
  68  7:50  Stalker  
  75  7:52  Probe  
  76  8:01  Probe  
  76  8:02  Shield Battery  
  77  8:07  Probe  
  77  8:11  Gateway  
  78  8:14  Probe, Stalker  
  78  8:17  Stalker  
  78  8:19  Probe  
  84  8:22  Stalker  
  86  8:29  Probe  
  87  8:34  Probe, Pylon  
  88  8:41  Probe  
  88  8:43  Gateway  
  88  8:45  Dark Templar  
  90  8:49  Dark Templar  
  90  8:51  Probe  
  90  8:55  Probe  
  94  8:58  Protoss Ground Weapons Level 2 (Chrono Boost)  
  94  9:05  Shadow Stride (Chrono Boost), Gateway  
  94  9:06  Gateway  
  94  9:09  Gateway  
  94  9:23  Charge  
  94  9:26  Probe  
  94  9:29  Probe  
  94  9:30  Stalker x2  
  94  9:31  Stalker  
  100  9:33  Pylon  
  100  9:35  Shield Battery  
  100  9:43  Gateway  
  100  9:44  Gateway  
  94  9:46  Robotics Facility  
  94  9:51  Stalker x2  
  96  9:54  Shield Battery  
  96  9:57  Stalker  
  96  9:58  Pylon  
  98  10:01  Dark Templar  
  100  10:07  Stalker x2  
  87  10:21  Stalker x2  
  87  10:22  Stalker x2  
  95  10:31  Stalker x2  
  95  10:32  Stalker  
  101  10:45  Stalker x5  
  109  10:53  Pylon  
  109  10:54  Zealot x2  
  109  10:55  Zealot  
  93  11:09  Stalker x6  
  93  11:10  Stalker  
  100  11:14  Dark Templar x2  
  98  11:32  Dark Templar  
  88  11:33  Zealot x3  
  88  11:34  Zealot x3  
  85  11:44  Pylon  
  85  11:45  Pylon  
  77  11:47  Dark Templar  
  77  11:49  Zealot  
  77  11:53  Zealot x5  
  65  12:09  Zealot x4  
  65  12:11  Cybernetics Core  
  65  12:14  Photon Cannon  
  73  12:18  Dark Templar x2  
  75  12:25  Zealot x2  
  75  12:31  Dark Templar x2  
  79  12:38  Photon Cannon  
  79  12:41  Zealot x2  
  79  12:43  Zealot  
  85  12:46  Zealot  
  85  12:52  Stalker x2  
  85  12:54  Stalker  
  85  12:57  Stalker  
  77  13:06  Zealot x2  
  63  13:21  Stalker x2  
  63  13:22  Stalker  
  63  13:24  Stalker  
  69  13:27  Zealot  
  69  13:33  Zealot  
  72  13:38  Dark Templar  
  62  13:46  Pylon  
  62  13:48  Pylon  
  62  13:53  Stalker x2  
  66  14:04  Shield Battery  
  66  14:05  Stalker  
  66  14:06  Pylon  
  68  14:10  Stalker  
  68  14:18  Zealot  
  65  14:27  Stalker  
  55  14:33  Stalker  
  55  14:34  Stalker  
Tags
 
Add a new tag
Caveats
  • Supply blocks, unpowered buildings, or Contaminate may cause inaccurate times.
  • Supply counts are checked every 10 seconds.